 Dungeon Crawl Stone Soup version 0.26-a0-1132-ge9770dfcb6 (webtiles) character file.

Game seed: 10977247664391897772

303 sahdkjhfkaj the Covert (level 6, 0/32 HPs)
             Began as a Vampire Enchanter on Dec 19, 2020.
             Was an Initiate of Dithmenos.
             Slain by a wight
             ... wielding a cursed +5 long sword
              (7 damage)
             ... on level 2 of the Dungeon.
             The game lasted 00:04:42 (3603 turns).

sahdkjhfkaj the Covert (Vampire Enchanter)          Turns: 3603, Time: 00:04:42

Health: 0/32       AC:  4    Str:  7    XL:     6   Next: 15%
Magic:  7/10       EV: 13    Int: 17    God:    Dithmenos [......]
Gold:   161        SH:  0    Dex: 17    Spells: 5/11 levels left

rFire    . . .     SeeInvis +   a - +6 dagger (vamp)
rCold    + + +     Faith    .   (no shield)
rNeg     + + +     Spirit   .   b - +0 robe
rPois    ∞         Reflect  .   q - +0 hat
rElec    .         Harm     .   (no cloak)
rCorr    .         Rampage  .   j - +1 pair of gloves
Will     .....                  (no boots)
Stlth    ++++++....             (no amulet)
HPRegen  0.00/turn              h - ring of protection from cold
MPRegen  0.12/turn              (no ring)

@: confusing touch, bloodless
A: fangs 3, see invisible, unbreathing
a: Bat Form, Revivify, Renounce Religion


You were on level 2 of the Dungeon.
You worshipped Dithmenos.
Dithmenos was noncommittal.
You visited 1 branch of the dungeon, and saw 3 of its levels.

You collected 161 gold pieces.

Inventory:

Hand Weapons
 a - a +6 vampiric dagger (weapon)
Armour
 b - a +0 robe (worn)
 j - a +1 pair of gloves (worn)
 k - a +0 helmet
 q - a +0 hat (worn)
Jewellery
 h - a ring of protection from cold (left hand)
Wands
 p - a wand of iceblast (5)
Scrolls
 g - 2 scrolls of remove curse
 i - 3 scrolls of amnesia
 l - a scroll of fog
 n - a scroll of random uselessness
 o - a scroll of magic mapping {unknown}
 r - a scroll of identify {unknown}
Potions
 c - 5 potions of curing
 d - a potion of invisibility {unknown}
 e - 3 potions of heal wounds {unknown}
 f - 3 potions of mutation {unknown}


   Skills:
 - Level 1.1 Short Blades
 - Level 2.1 Dodging
 + Level 8.8 Stealth
 - Level 3.0 Spellcasting
 - Level 5.0 Hexes
 + Level 2.2 Ice Magic


You had 5 spell levels left.
You knew the following spells:

 Your Spells              Type           Power        Failure   Level
a - Ensorcelled Hibernat  Hex/Ice        28%          6%          2
b - Corona                Hex            21%          2%          1
N - Confusing Touch       Hex            19%          7%          3

Your spell library contained the following spells:

 Spells                   Type           Power        Failure   Level
 Tukima's Dance           Hex            19%          7%          3
 Dazzling Flash           Conj/Hex       22%          19%         3


Dungeon Overview and Level Annotations

Branches:
Dungeon (3/15)

Altars:
Dithmenos
Kikubaaqudgha
Qazlal
Trog


Innate Abilities, Weirdness & Mutations

You do not regenerate when monsters are visible.
You are frail without blood (-20% HP).
You can heal yourself when you bite living creatures.
You are immune to poison.
You have razor-sharp teeth.
You have supernaturally acute eyesight. (SInv)
You can survive without breathing.


Message History

Casting: Confusing Touch (quite dangerous; 7% risk of failure)
Confirm with . or Enter, or press ? or * to list all spells.
The spell is quite dangerous to cast (7% risk of failure)!
Continue anyway? [Y]es or [N]o only, please.
The spell is quite dangerous to cast (7% risk of failure)!
Continue anyway?
Your hands begin to glow red.
The wight hits you with a cursed +5 long sword.
The wight hits you with a cursed +2 morningstar of freezing!
* * * LOW HITPOINT WARNING * * *
Okay, then.
As you read the scroll labelled KUSIMO TOTWIETEHY, it crumbles to dust.
Your nose twitches suddenly!
It was a scroll of random uselessness.
The wight hits you with a cursed +5 long sword.
* * * LOW HITPOINT WARNING * * *
The wight closely misses you.
As you read the scroll labelled FUITIRHETOLU, it crumbles to dust.
It is a scroll of enchant armour.
Your +0 pair of gloves glows green for a moment.
The wight hits you with a cursed +5 long sword!
You die...

.#.## #.##...#.# #...##
##.#.###..# .....##
#...## ##.###
......######### #...#
#.... ..............#
#...## ##.###
......#######.#
#.##.###.## ...).## #.#
#.###...## ....##
#####.#######.#######
...## #......z@z)##....#
...# #.###.####.#####.#
...# #.# #.# #.# #...#
##### ...# #.# #.#
#.###.#.###...# ...#
#.###.## #.............#
.### #.##...#
#.#..#######..# .#
#.##...# #.##.# ### #..#
÷# #.##...#
#.##.#######..# .#
#.###.####.##...'_'....##


You could see 2 wights.

Vanquished Creatures
  A wight (D:2)
  Jessica (D:2)
  3 gnolls
  13 adders
  4 worms
  3 dart slugs
  An orc (D:3)
  7 ball pythons (D:2)
  7 bats
  4 giant cockroaches
  9 goblins
  7 hobgoblins
  4 jackals (D:3)
  7 kobolds
  10 frilled lizards
  3 rats
84 creatures vanquished.

Notes
Turn   | Place    | Note
-------+----------+-------------------------------------------
     0 | D:1      | sahdkjhfkaj the Vampire Enchanter began the quest for the
                  | Orb.
     0 | D:1      | Reached XP level 1. HP: 13/13 MP: 3/3
    52 | D:1      | Reached skill level 5 in Stealth
    66 | D:1      | Reached XP level 2. HP: 11/19 MP: 5/5
   273 | D:1      | Reached skill level 6 in Stealth
   853 | D:1      | Reached XP level 3. HP: 19/19 MP: 6/6
  1028 | D:2      | Found a bloodstained altar of Trog.
  1585 | D:2      | Reached skill level 7 in Stealth
  1865 | D:2      | Found an ancient bone altar of Kikubaaqudgha.
  2082 | D:2      | Reached XP level 4. HP: 24/24 MP: 7/7
  2202 | D:2      | Learned a level 2 spell: Ensorcelled Hibernation
  2462 | D:2      | Noticed Jessica
  2464 | D:2      | Killed Jessica
  2465 | D:2      | Reached skill level 8 in Stealth
  2543 | D:2      | Reached skill level 1 in Ice Magic
  2543 | D:2      | Reached XP level 5. HP: 28/28 MP: 8/8
  2710 | D:2      | Reached skill level 5 in Hexes
  2927 | D:3      | Found a shadowy altar of Dithmenos.
  3196 | D:3      | Became a worshipper of Dithmenos the Shadowed
  3254 | D:2      | Learned a level 3 spell: Confusing Touch
  3438 | D:3      | Found a stormy altar of Qazlal.
  3560 | D:2      | Reached XP level 6. HP: 28/32 MP: 6/10
  3603 | D:2      | Slain by a wight

Illustrated notes

Levels and vault maps discovered:
D:1:      ncdulo_smallfort, layout_rooms
D:2:      layout_loops_ring, lemuel_doored_altar, bloody_trog,
          minmay_snake_closets, uniq_jessica
D:3:      layout_basic, overflow_temple_1_default,
          chequers_temple_overflow_statue_of_worship, roderic_lattice_a,
          minmay_ruptured

Skill      XL: |  1  2  3  4  5 |
---------------+----------------+-----
Stealth        | 5 6 7 8 |  8.8
Ice Magic      | 1 2 |  2.2
Hexes          | 5 |  5.0
Spellcasting   | 3 |  3.0
Short Blades   | |  1.1
Dodging        | |  2.1

Action                   |  1- 3 |  4- 6 || total
-------------------------+-------+-------++-------
Melee: Dagger            |   133 |    90 ||   223
       Bite              |    13 |     6 ||    19
 Cast: Confusing Touch   |       |     2 ||     2
 Abil: Exsanguinate      |     1 |       ||     1
Evoke: Wand              |       |     1 ||     1
  Use: Scroll            |       |     6 ||     6
 Stab: Sleeping          |    21 |    22 ||    43
       Distracted        |       |     2 ||     2
       Confused          |       |     1 ||     1
Armor: Robe              |    41 |    13 ||    54
Dodge: Dodged            |    86 |    56 ||   142

Table legend: (Time is in decaauts)
 A = Elapsed time spent in this place.
 B = Non-inter-level travel time spent in this place.
 C = Inter-level travel time spent in this place.
 D = Time resting spent in this place.
 E = Time spent auto-exploring this place.
 F = Levels seen in this place.
 G = Mean time per level.
                   A        B        C        D        E       F      G
               +--------+--------+--------+--------+--------+-----+--------+
         Total |   3594 |   3479 |    115 |    981 |   1709 |   3 | 1198.0 |
       Dungeon |   3594 |   3479 |    115 |    981 |   1709 |   3 | 1198.0 |
               +--------+--------+--------+--------+--------+-----+--------+

Top non-repeatable levels by time:
     D:2: 2197 daAuts
     D:1: 1013 daAuts
     D:3: 383 daAuts
